 Dungeon Crawl Stone Soup version 0.26-a0-830-g2a559e7be2 (webtiles) character file.

Game seed: 4466264736079356733

212 Froggeryz the Insei (level 5, -2/44 HPs)
             Began as a Naga Transmuter on Nov 15, 2020.
             Slain by an orc (3 damage)
             ... on level 3 of the Dungeon.
             The game lasted 00:04:03 (2673 turns).

Froggeryz the Insei (Naga Transmuter)               Turns: 2673, Time: 00:04:03

Health: -2/44      AC:  3    Str: 12    XL:     5   Next: 89%
Magic:  8/8        EV:  9    Int: 14    God:
Gold:   90         SH:  0    Dex: 12    Spells: 7/8 levels left

rFire    . . .     SeeInvis +     - Unarmed
rCold    . . .     Faith    .   (no shield)
rNeg     . . .     Spirit   .   h - +0 leather armour (curse)
rPois    +         Reflect  .   (helmet currently unavailable)
rElec    .         Harm     .   (no cloak)
rCorr    .         Rampage  .   (no gloves)
MR       .....                  (no barding)
Stlth    +.........             (no amulet)
HPRegen  0.14/turn              (no ring)
MPRegen  0.11/turn              (no ring)

@: appendages (expiring), very slow
A: large, horns 2, see invisible, deformed body, poison resistance, slowness 2,
spit poison 1, AC +1
a: Spit Poison, End Transformation


You were on level 3 of the Dungeon.
You had grown temporary horns.
You visited 1 branch of the dungeon, and saw 3 of its levels.

You collected 90 gold pieces.

Inventory:

Armour
 a - a +0 robe
 h - a cursed +0 leather armour (worn)
Wands
 g - a wand of disintegration (7)
Scrolls
 b - 5 scrolls of identify
 c - 2 scrolls of remove curse
 e - 2 scrolls of noise
Potions
 i - a potion of magic


   Skills:
 - Level 1.0 Fighting
 - Level 1.5 Dodging
 * Level 5.5 Unarmed Combat
 - Level 2.0 Spellcasting
 + Level 3.7 Transmutations


You had 7 spell levels left.
You knew the following spells:

 Your Spells              Type           Power        Failure   Level
a - Beastly Appendage     Tmut           ##....       7%          1

Your spell library contained the following spells:

 Spells                   Type           Power        Failure   Level
 Wereblood                Tmut           ##......     10%         2
 Spider Form              Tmut/Pois      #.........   38%         3
 Ice Form                 Ice/Tmut       #.......     80%         4
 Blade Hands              Tmut           ##........   88%         5


Dungeon Overview and Level Annotations

Branches:
Dungeon (3/15)

Altars:
Kikubaaqudgha
Vehumet

Annotations:
D:3 1 runed translucent door


Innate Abilities, Weirdness & Mutations

You cannot wear boots.
Your serpentine skin is tough. (AC +1)
You have supernaturally acute eyesight. (SInv)
Armour fits poorly on your strangely shaped body.
Your system is resistant to poisons. (rPois)
You cover ground very slowly.
You can spit poison.
You have a pair of horns on your head.


Message History

Aim: a howler monkey (black smoke, moderately wounded, chance to defeat MR: 73%)
The howler monkey is blasted!
You blow up the howler monkey!
You hear a shout!
You feel your dexterity returning.
The orc throws a boomerang.
The boomerang closely misses you.
The weapon returns to the orc!
Things that are here:
a +0 flail; an orc corpse A goblin comes into view.
The goblin shouts!
A rat comes into view.
The goblin hits you but does no damage.
Your surroundings suddenly seem different.
An orc comes into view. It is wielding a +0 war axe.
The orc misses you.
A frilled lizard comes into view.
A hobgoblin comes into view. It is wielding a +0 club.
The orc hits you but does no damage. The orc hits you.
You die...

##.......#
#!........
#.........
#.........
#....S....
##.........
#####.........#
.......@o......
######.oo......
#...####
#.l.......
.#####..#
#...o.....
....Z...#
#......g..
..#+#...##
##.......#
..#p#....##
##.....##
..###.....##
##.###
...........#
#.##...


You could see 4 orcs, a hobgoblin, a ball python and a frilled lizard.

Vanquished Creatures
  A howler monkey (D:3)
  An orc priest (D:3)
  2 orc wizards
  4 adders
  A worm (D:2)
  A leopard gecko (D:2)
  8 orcs
  4 bats
  6 goblins
  3 hobgoblins
  3 kobolds (D:1)
  A quokka (D:2)
  A ball python (D:2)
  6 frilled lizards
  3 rats
45 creatures vanquished.

Notes
Turn   | Place    | Note
-------+----------+-------------------------------------------
     0 | D:1      | Froggeryz the Naga Transmuter began the quest for the Orb.
     0 | D:1      | Reached XP level 1. HP: 18/18 MP: 3/3
   465 | D:1      | Reached XP level 2. HP: 23/25 MP: 5/5
  1136 | D:2      | Found a radiant altar of Vehumet.
  1136 | D:2      | Found an ancient bone altar of Kikubaaqudgha.
  1611 | D:2      | Reached XP level 3. HP: 20/31 MP: 4/6
  1843 | D:2      | Reached skill level 4 in Unarmed Combat
  1977 | D:3      | Found a runed translucent door.
  1977 | D:3      | Noticed a human
  2045 | D:2      | Reached XP level 4. HP: 3/38 MP: 5/7
  2408 | D:3      | Reached XP level 5. HP: 25/44 MP: 6/8
  2492 | D:3      | Reached skill level 5 in Unarmed Combat
  2668 | D:3      | HP: 2/44 [howler monkey (7)]
  2673 | D:3      | Slain by an orc

Illustrated notes

Levels and vault maps discovered:
D:1:      heliophobic_arrival_enchanted_forest, layout_basic
D:2:      layout_basic, gammafunk_temple_overflow_pools
D:3:      layout_rooms, bloody_trog, st_stairs_1, dk_yredelemnul_ordeal

Skill      XL: |  1  2  3  4  5 |
---------------+----------------+-----
Unarmed Combat | 4 5 |  5.5
Transmutations | 3 |  3.7
Fighting       | |  1.0
Dodging        | |  1.5
Spellcasting   | |  2.0

Action                   |  1- 3 |  4- 6 || total
-------------------------+-------+-------++-------
Melee: Unarmed           |    83 |    50 ||   133
       Headbutt          |     3 |     7 ||    10
 Cast: Beastly Appendage |     5 |     5 ||    10
 Abil: Spit Poison       |    18 |    12 ||    30
Evoke: Wand              |     1 |     1 ||     2
  Use: Potion            |     2 |       ||     2
       Scroll            |     2 |     3 ||     5
Armor: Robe              |     5 |       ||     5
       Leather armour    |     1 |    12 ||    13
Dodge: Dodged            |    41 |    38 ||    79

Table legend: (Time is in decaauts)
 A = Elapsed time spent in this place.
 B = Non-inter-level travel time spent in this place.
 C = Inter-level travel time spent in this place.
 D = Time resting spent in this place.
 E = Time spent auto-exploring this place.
 F = Levels seen in this place.
 G = Mean time per level.
                   A        B        C        D        E       F      G
               +--------+--------+--------+--------+--------+-----+--------+
         Total |   3131 |   2982 |    149 |    911 |   1718 |   3 | 1043.7 |
       Dungeon |   3131 |   2982 |    149 |    911 |   1718 |   3 | 1043.7 |
               +--------+--------+--------+--------+--------+-----+--------+

Top non-repeatable levels by time:
     D:2: 1551 daAuts
     D:1: 1242 daAuts
     D:3: 337 daAuts
